[Event "Saturday Apr 14 Engine Tour 9 Rd Swiss 12m+1s Starts at 1600hrs ST"]
[Site "Infinity Chess"]
[Date "2018.4.14"]
[Round "4"]
[White "MCDermont"]
[Black "Susanne"]
[Result "1/2-1/2"]
[ECO "B30"]
[WhiteElo "2480"]
[BlackElo "2498"]
[WhiteEngine "BrainFish 090218"]
[BlackEngine "BrainFish_180411_x64_bmi2_CTG"]
[EventType "Swiss"]
[WhiteTeam ""]
[BlackTeam ""]
[PlyCount "227"]
[TimeControl "720+1"]

1. e4 c5 2. Nf3 Nc6 3. Nc3 g6 4. d4 cxd4 5. Nxd4 Bg7 6. Be3 Nf6 7. Bc4 O-O 
8. Bb3 d6 9. f3 Qa5 10. Qd2 Nxd4 11. Bxd4 Be6 12. O-O-O b5 13. Kb1 b4 
14. Nd5 Bxd5 15. exd5 Qb5 16. Qd3 Qxd3 17. Rxd3 Nd7 18. Bxg7 Kxg7 19. Re3 Kf6 
20. Rhe1 g5 21. Rxe7 Ne5 22. Rc7 Rfc8 23. Rb7 a5 24. Rb6 Rd8 25. Re4 Rab8 
26. Ra6 Ra8 27. Rxa8 Rxa8 28. c3 bxc3 29. bxc3 Nd3 30. Re3 Nc5 31. Kc1 Rc8 
32. Kd2 Nd7 33. Re4 Nc5 34. Re3 Nd7 35. Re2 h5 36. Rf2 Rb8 37. Rf1 a4 
38. Bxa4 Rb2+ 39. Bc2 Rxa2 40. g3 Nb6 41. Kd3 Nxd5 42. Bb3 Ra5 43. f4 g4 
44. Rf2 Nc7 45. Re2 Ne6 46. Kc4 Nc5 47. Bc2 Ra8 48. Rd2 Ke7 49. Rd5 Ra2 
50. Rd2 Ne6 51. Kb3 Ra5 52. Kb4 Ra8 53. Kb5 Nc7+ 54. Kc4 d5+ 55. Kc5 Ne6+ 
56. Kb4 Rb8+ 57. Ka3 Ra8+ 58. Kb2 Rb8+ 59. Kc1 d4 60. cxd4 Rb4 61. Re2 Kd6 
62. Re3 Rxd4 63. Bb3 Rb4 64. Rd3+ Ke7 65. Kd2 h4 66. Re3 Kf6 67. Kc3 Rb5 
68. Bxe6 fxe6 69. gxh4 Rf5 70. h3 g3 71. Rxg3 Rxf4 72. h5 Rh4 73. Rf3+ Ke5 
74. h6 Ke4 75. Rg3 Rxh6 76. Kd2 e5 77. Rd3 Rg6 78. Rb3 Rg1 79. h4 Rg2+ 
80. Kc3 Rg1 81. Rb4+ Ke3 82. h5 Rc1+ 83. Kb2 Rh1 84. Rb7 Rxh5 85. Rb3+ Kd2 
86. Rb5 Kd3 87. Rb3+ Ke4 88. Kc1 Rh1+ 89. Kd2 Kf4 90. Kc2 e4 91. Kd2 Rh5 
92. Re3 Ke5 93. Rc3 Kf4 94. Ke1 Rh1+ 95. Kd2 Rh6 96. Rb3 Rh2+ 97. Ke1 Rh1+ 
98. Kd2 Rh8 99. Kd1 Rd8+ 100. Ke1 Rh8 101. Ke2 Rh2+ 102. Kd1 Rg2 103. Rc3 Rg1+ 
104. Kd2 Rg2+ 105. Ke1 Rg6 106. Kd2 Rb6 107. Rh3 Rb2+ 108. Ke1 Rb1+ 
109. Ke2 Rb2+ 110. Kd1 Kg4 111. Rh8 Rb6 112. Ke2 e3 113. Rg8+ Kh4 114. Kxe3 
1/2-1/2

[Event "Saturday Apr 14 Engine Tour 9 Rd Swiss 12m+1s Starts at 1600hrs ST"]
[Site "Infinity Chess"]
[Date "2018.4.14"]
[Round "4"]
[White "KRAKEN"]
[Black "Thor"]
[Result "1-0"]
[ECO "E61"]
[WhiteElo "2508"]
[BlackElo "2486"]
[WhiteEngine "Raubfisch X38b_CTG"]
[BlackEngine "asmFishW_2018-04-08_bmi2"]
[EventType "Swiss"]
[WhiteTeam ""]
[BlackTeam ""]
[PlyCount "193"]
[TimeControl "720+1"]

1. d4 Nf6 2. c4 g6 3. Nc3 d6 4. e4 Bg7 5. Be2 O-O 6. Nf3 e5 7. O-O Nc6 8. d5 Ne7 
9. Ne1 Nd7 10. f3 f5 11. Nd3 f4 12. Bd2 g5 13. b4 h5 14. a4 Ng6 15. c5 Rf7 
16. c6 bxc6 17. dxc6 Nf6 18. Qb3 Nf8 19. Nf2 Ne6 20. Bc4 Qe8 21. Nd5 Nxd5 
22. Bxd5 Re7 23. b5 Kh7 24. Qd3 Bf6 25. a5 Nc5 26. Qe2 Rb8 27. Rab1 Ne6 
28. Bc3 Rg7 29. g4 hxg4 30. Nxg4 Kg6 31. h3 Rh7 32. Kg2 Kg7 33. Rh1 Qe7 
34. Qd3 Nc5 35. Qe2 Kg6 36. Qc4 Rh8 37. Be1 Bxg4 38. fxg4 Qf8 39. Rf1 Kg7 
40. Rf3 Be7 41. Bf2 Qf6 42. Qa2 Ra8 43. Qb2 Rab8 44. Kh2 Bd8 45. Qa1 Be7 
46. b6 axb6 47. axb6 cxb6 48. Qa7 b5 49. c7 Rbc8 50. Rxb5 Ne6 51. Bb6 Nd4 
52. Bxd4 exd4 53. Kg2 Rhf8 54. Rbb3 Qe5 55. Qb6 Rh8 56. Rf1 Kh7 57. Rc1 Rhf8 
58. Rf3 Kg7 59. Qb5 Kh6 60. Qc4 d3 61. Qxd3 Bf6 62. Qd2 Qe7 63. Qa5 Qe5 
64. Qb6 Bd8 65. cxd8=R Rfxd8 66. Rd1 Rb8 67. Qc7 Qg7 68. Qxg7+ Kxg7 69. Rd2 Rh8 
70. Ra3 Kf6 71. Ra7 Rb6 72. Rf7+ Kg6 73. Re7 Rhb8 74. Rf2 Rb1 75. Re6+ Kg7 
76. Rxd6 R1b6 77. Rd7+ Kf6 78. Rf7+ Ke5 79. Rd2 f3+ 80. Kf2 Rf6 81. Re7+ Kd6 
82. Rg7 Rb4 83. Rxg5 Kc5 84. e5 Rf8 85. Rg7 Rc8 86. Rd7 Rh8 87. e6 Rxh3 
88. e7 Rh2+ 89. Kxf3 Rh3+ 90. Kg2 Rc3 91. e8=Q Rxg4+ 92. Kf2 Rf4+ 93. Ke2 Rf2+ 
94. Kxf2 Rf3+ 95. Kxf3 Kb4 96. Rb7+ Ka3 97. Ra2# 1-0

[Event "Saturday Apr 14 Engine Tour 9 Rd Swiss 12m+1s Starts at 1600hrs ST"]
[Site "Infinity Chess"]
[Date "2018.4.14"]
[Round "4"]
[White "THE_MACHINE"]
[Black "RonWeasley"]
[Result "1/2-1/2"]
[ECO "C11"]
[WhiteElo "2564"]
[BlackElo "2495"]
[WhiteEngine "BrainFish_180411_x64_bmi2"]
[BlackEngine "BrainFish 090218_CTG"]
[EventType "Swiss"]
[WhiteTeam ""]
[BlackTeam ""]
[PlyCount "70"]
[TimeControl "720+1"]

1. e4 e6 2. d4 d5 3. Nc3 Nf6 4. e5 Nfd7 5. f4 c5 6. Nf3 Nc6 7. Be3 cxd4 
8. Nxd4 Qb6 9. Qd2 Qxb2 10. Rb1 Qa3 11. Bb5 Nxd4 12. Bxd4 a6 13. Bxd7+ Bxd7 
14. Rb3 Qe7 15. Rxb7 Rc8 16. O-O Qd8 17. Qf2 Rxc3 18. Bxc3 Qc8 19. Rb3 Ba4 
20. Bd4 Bxb3 21. axb3 Be7 22. c3 O-O 23. b4 Qc6 24. Ra1 Bd8 25. Bc5 Re8 
26. h3 Bc7 27. Qc2 Bb6 28. Bxb6 Qxb6+ 29. Qf2 Qb5 30. Qa7 Qc4 31. Qd4 Qe2 
32. Qf2 Qd3 33. Qd4 Qe2 34. Qf2 Qd3 35. Qd4 Qe2 1/2-1/2

[Event "Saturday Apr 14 Engine Tour 9 Rd Swiss 12m+1s Starts at 1600hrs ST"]
[Site "Infinity Chess"]
[Date "2018.4.14"]
[Round "3"]
[White "ivrdurant"]
[Black "Thinker"]
[Result "1/2-1/2"]
[ECO "C50"]
[WhiteElo "2360"]
[BlackElo "2436"]
[WhiteEngine "Raubfisch ME262_GTZ16d4"]
[BlackEngine "BrainFish_180408_x64_modern_CTG"]
[EventType "Swiss"]
[WhiteTeam ""]
[BlackTeam ""]
[PlyCount "115"]
[TimeControl "720+1"]

1. e4 e5 2. Nf3 Nc6 3. Bc4 Bc5 4. O-O Nf6 5. Re1 O-O 6. d3 d6 7. c3 a5 8. Bb3 h6 
9. h3 Bd7 10. d4 Ba7 11. Be3 Re8 12. Nbd2 exd4 13. Nxd4 Ne5 14. Bc2 a4 
15. f4 Ng6 16. Qf3 c5 17. Nf5 Bxf5 18. exf5 Nh4 19. Qg3 a3 20. Bf2 axb2 
21. Rxe8+ Nxe8 22. Re1 Qf6 23. Ne4 Qxf5 24. Bb1 Ng6 25. Nxd6 Qd7 26. Nxf7 Qxf7 
27. Bxg6 Qxa2 28. Kh2 c4 29. Bxa7 Qxa7 30. Bxe8 b1=Q 31. Bf7+ Kxf7 32. Rxb1 Re8 
33. Qf3 Qe3 34. Rxb7+ Kf8 35. Qg4 Qxc3 36. Qf5+ Qf6 37. Qc5+ Kg8 38. Qxc4+ Kh7 
39. Qc2+ Qg6 40. Qxg6+ Kxg6 41. g4 Re2+ 42. Kg3 Re3+ 43. Kg2 Ra3 44. Rb6+ Kf7 
45. Rb7+ Kf6 46. Rb6+ Kf7 47. Rb2 Ra4 48. Kf3 Ra3+ 49. Kg2 Ra4 50. Rf2 h5 
51. Kg3 Ra3+ 52. Kh4 hxg4 53. hxg4 Kf6 54. Re2 g5+ 55. fxg5+ Kf7 56. Rf2+ Kg7 
57. Rf5 Kg6 58. Rf8 1/2-1/2

[Event "Saturday Apr 14 Engine Tour 9 Rd Swiss 12m+1s Starts at 1600hrs ST"]
[Site "Infinity Chess"]
[Date "2018.4.14"]
[Round "3"]
[White "localhero"]
[Black "star99"]
[Result "1/2-1/2"]
[ECO "B90"]
[WhiteElo "2437"]
[BlackElo "2378"]
[WhiteEngine "asmFishW_2017-10-04_popcnt"]
[BlackEngine "Cryptic Heroes 9.4B"]
[EventType "Swiss"]
[WhiteTeam ""]
[BlackTeam ""]
[PlyCount "121"]
[TimeControl "720+1"]

1. e4 c5 2. Nf3 d6 3. d4 cxd4 4. Nxd4 Nf6 5. Nc3 a6 6. Be3 e5 7. Nb3 Be7 
8. Be2 Be6 9. Qd3 Nc6 10. a3 Rc8 11. Nd5 O-O 12. O-O Nd7 13. Qd2 h6 14. Rad1 Bg5 
15. Bxg5 Qxg5 16. Qxg5 hxg5 17. h3 g6 18. Rd2 Rfd8 19. Rfd1 Kf8 20. f3 Nd4 
21. Nxd4 exd4 22. Nb4 Rc7 23. a4 a5 24. Nd3 Nc5 25. Kf2 Nxd3+ 26. Bxd3 Ke7 
27. Kg3 Rdc8 28. b3 Rc3 29. h4 gxh4+ 30. Kxh4 b6 31. Kg3 Rh8 32. Bb5 Rh5 
33. Re2 Rhc5 34. Rdd2 Re3 35. Kf2 Rcc3 36. Ke1 f5 37. exf5 Bxf5 38. Kd1 g5 
39. g4 Bg6 40. Bd3 Bxd3 41. Rxe3+ dxe3 42. Rxd3 e2+ 43. Kxe2 Rxc2+ 44. Ke3 Rc1 
45. Rd5 Rc5 46. Rd4 b5 47. Rd3 bxa4 48. bxa4 Ke6 49. f4 gxf4+ 50. Kxf4 Rc4+ 
51. Kg3 Rxa4 52. Re3+ Kd5 53. g5 Ra1 54. Kg2 a4 55. g6 Rb1 56. g7 Rb8 
57. Ra3 Rg8 58. Kf3 Rxg7 59. Rxa4 Rg1 60. Ke2 Rg3 61. Ra5+ 1/2-1/2

[Event "Saturday Apr 14 Engine Tour 9 Rd Swiss 12m+1s Starts at 1600hrs ST"]
[Site "Infinity Chess"]
[Date "2018.4.14"]
[Round "3"]
[White "Murx"]
[Black "Time_bandit"]
[Result "1/2-1/2"]
[ECO "C55"]
[WhiteElo "2467"]
[BlackElo "2456"]
[WhiteEngine "asmFishW_2018-04-07_popcnt"]
[BlackEngine "asmFishW_2018-02-02_popcnt"]
[EventType "Swiss"]
[WhiteTeam ""]
[BlackTeam ""]
[PlyCount "113"]
[TimeControl "720+1"]

1. e4 e5 2. Nf3 Nc6 3. Bc4 Nf6 4. d3 Bc5 5. O-O d6 6. c3 a5 7. Bg5 Ba7 
8. Nbd2 h6 9. Bh4 Qe7 10. Bb5 g5 11. Bg3 O-O 12. Nc4 Nh5 13. Bxc6 bxc6 
14. Nxa5 Nxg3 15. hxg3 Bd7 16. Qd2 f6 17. Nc4 h5 18. Ne3 Qh7 19. a4 h4 
20. g4 Bxe3 21. Qxe3 Bxg4 22. a5 Kf7 23. d4 Ke8 24. Nd2 Be6 25. f3 Qh5 26. b4 g4 
27. fxg4 Qxg4 28. Rf2 Rg8 29. Nf1 Ke7 30. Qd3 Qh5 31. a6 Rg5 32. c4 Qg6 
33. a7 h3 34. g3 Bxc4 35. Qxc4 Rxg3+ 36. Nxg3 Qxg3+ 37. Kf1 h2 38. Rxh2 Qxh2 
39. Qxc6 Qh1+ 40. Ke2 Qxa1 41. Qxa8 exd4 42. Qb8 Qc3 43. b5 d3+ 44. Kf2 Qc5+ 
45. Kg2 d2 46. a8=Q Qg5+ 47. Kh3 Qe3+ 48. Kg2 Qe2+ 49. Kh3 Qh5+ 50. Kg2 Qg5+ 
51. Kh3 Qe3+ 52. Kg2 Qe2+ 53. Kh3 Qf3+ 54. Kh4 Qf4+ 55. Kh3 Qf1+ 56. Kh2 Qe2+ 
57. Kh3 1/2-1/2

[Event "Saturday Apr 14 Engine Tour 9 Rd Swiss 12m+1s Starts at 1600hrs ST"]
[Site "Infinity Chess"]
[Date "2018.4.14"]
[Round "3"]
[White "Marsell"]
[Black "Gilgamesch"]
[Result "1/2-1/2"]
[ECO "C53"]
[WhiteElo "2460"]
[BlackElo "2470"]
[WhiteEngine "BrainFish_180408_x64_bmi2"]
[BlackEngine "BrainFish_180408_x64_bmi2"]
[EventType "Swiss"]
[WhiteTeam ""]
[BlackTeam ""]
[PlyCount "55"]
[TimeControl "720+1"]

1. e4 e5 2. Nf3 Nc6 3. Bc4 Bc5 4. c3 Nf6 5. d3 a5 6. O-O d6 7. Bg5 O-O 8. a4 h6 
9. Bh4 g5 10. Bg3 Kg7 11. Nbd2 Ba7 12. Re1 Ng8 13. Nf1 h5 14. h3 Nh6 15. d4 g4 
16. Bh4 Qe8 17. Ng3 f6 18. Nh2 Qg6 19. Rc1 Kh8 20. Bd5 gxh3 21. Qxh5 Ne7 
22. Bb3 Qg7 23. gxh3 Ng6 24. Kh1 Nf4 25. Qf3 Ng6 26. Qh5 Nf4 27. Qf3 Ng6 28. Qh5 
1/2-1/2

[Event "Saturday Apr 14 Engine Tour 9 Rd Swiss 12m+1s Starts at 1600hrs ST"]
[Site "Infinity Chess"]
[Date "2018.4.14"]
[Round "3"]
[White "Seliga"]
[Black "hafaba"]
[Result "1/2-1/2"]
[ECO "A22"]
[WhiteElo "2469"]
[BlackElo "2471"]
[WhiteEngine "SF9 ''A5x''_CTG"]
[BlackEngine "Eman 1.70-beta18x 64-bit POPCNT_CTG"]
[EventType "Swiss"]
[WhiteTeam ""]
[BlackTeam ""]
[PlyCount "166"]
[TimeControl "720+1"]

1. c4 e5 2. Nc3 Nf6 3. Nf3 Nc6 4. a3 g6 5. e3 Bg7 6. Qc2 O-O 7. Be2 d5 
8. cxd5 Nxd5 9. O-O Re8 10. Rd1 Bf5 11. e4 Nf4 12. d4 Nxe2+ 13. Nxe2 Bg4 
14. Bg5 Qc8 15. Nxe5 Nxd4 16. Rxd4 Bxe5 17. Rd2 Bxe2 18. Rxe2 c5 19. Rd1 Qc6 
20. f3 Rac8 21. g3 b5 22. Rd5 c4 23. Qd2 a6 24. Kg2 h5 25. Bf4 c3 26. bxc3 Bxc3 
27. Qd1 Qc4 28. e5 Rc6 29. Bg5 Rce6 30. Rc2 a5 31. Bd8 Ra6 32. h4 Ra8 33. Kh2 b4 
34. Bxa5 Rxa5 35. Rxa5 b3 36. Rxc3 Qxc3 37. Rb5 Rxe5 38. Rxb3 Qc4 39. Rb2 Re3 
40. a4 Kh7 41. a5 Ra3 42. Qd2 Rxf3 43. Qe2 Qxe2+ 44. Rxe2 Ra3 45. Re7 Kg7 
46. Re5 Kf6 47. Rb5 Ke7 48. Rb7+ Kf6 49. Rb6+ Ke5 50. a6 Ra2+ 51. Kh3 Ra3 
52. Kh2 Kd4 53. Rf6 Kd5 54. Kg2 Kc5 55. Kf2 Kb5 56. Rxf7 Rxa6 57. Kf3 Ra3+ 
58. Kf2 Ra6 59. Kg2 Rc6 60. Rb7+ Kc4 61. Rh7 Kd3 62. Ra7 Re6 63. Rd7+ Ke2 
64. Kh2 Kf3 65. Rf7+ Ke2 66. Rh7 Kf3 67. Rf7+ Ke2 68. Rf4 Kd2 69. Kg2 Ra6 
70. Rf3 Ke2 71. Rf7 Ke3 72. Rf3+ Ke4 73. Rf4+ Kd3 74. Kh3 Ke2 75. Rf7 Ra4 
76. Rf6 Rg4 77. Kg2 Ke3 78. Re6+ Kd3 79. Re1 g5 80. hxg5 Rxg5 81. Rd1+ Kc2 
82. Rd7 Rb5 83. Kh3 Rg5 1/2-1/2

[Event "Saturday Apr 14 Engine Tour 9 Rd Swiss 12m+1s Starts at 1600hrs ST"]
[Site "Infinity Chess"]
[Date "2018.4.14"]
[Round "3"]
[White "MCDermont"]
[Black "Thor"]
[Result "1/2-1/2"]
[ECO "B30"]
[WhiteElo "2480"]
[BlackElo "2486"]
[WhiteEngine "BrainFish 090218"]
[BlackEngine "asmFishW_2018-04-08_bmi2"]
[EventType "Swiss"]
[WhiteTeam ""]
[BlackTeam ""]
[PlyCount "111"]
[TimeControl "720+1"]

1. e4 c5 2. Nf3 Nc6 3. Nc3 e5 4. Bc4 Be7 5. d3 d6 6. Nd2 Nf6 7. Nf1 Bg4 
8. f3 Be6 9. Ne3 O-O 10. O-O Rb8 11. a4 Nb4 12. Bd2 Nh5 13. g3 Bg5 14. Ncd5 Nxd5 
15. Nxd5 Bxd2 16. Qxd2 b6 17. Ne3 Nf6 18. Rae1 h6 19. Rf2 Re8 20. Bb5 Re7 
21. c3 d5 22. c4 d4 23. Nd5 Nxd5 24. cxd5 Bd7 25. Qc1 Bxb5 26. axb5 Qd6 
27. Ref1 f5 28. g4 f4 29. Rg2 g6 30. h4 Rc7 31. b3 Ra8 32. Qc4 a6 33. bxa6 b5 
34. Qxb5 Qxa6 35. Qxa6 Rxa6 36. Rc2 Rb7 37. Rxc5 Rxb3 38. Rfc1 Kf8 39. h5 gxh5 
40. Rc8+ Ke7 41. R8c7+ Kd8 42. gxh5 Ra1 43. Rc8+ Kd7 44. Rxa1 Kxc8 45. Ra6 Rxd3 
46. Kf2 Rd2+ 47. Ke1 Rd3 48. Rxh6 Rxf3 49. Re6 Re3+ 50. Kd2 f3 51. Rxe5 Kc7 
52. d6+ Kxd6 53. Rf5 f2 54. Rxf2 Rxe4 55. h6 Rh4 56. Rf6+ 1/2-1/2

[Event "Saturday Apr 14 Engine Tour 9 Rd Swiss 12m+1s Starts at 1600hrs ST"]
[Site "Infinity Chess"]
[Date "2018.4.14"]
[Round "3"]
[White "Susanne"]
[Black "KRAKEN"]
[Result "1/2-1/2"]
[ECO "C53"]
[WhiteElo "2498"]
[BlackElo "2508"]
[WhiteEngine "BrainFish_180411_x64_bmi2_CTG"]
[BlackEngine "Raubfisch X38b_CTG"]
[EventType "Swiss"]
[WhiteTeam ""]
[BlackTeam ""]
[PlyCount "107"]
[TimeControl "720+1"]

1. e4 e5 2. Nf3 Nc6 3. Bc4 Bc5 4. c3 Nf6 5. d3 O-O 6. O-O d6 7. Nbd2 a6 
8. a4 Ba7 9. h3 Ne7 10. Re1 Ng6 11. d4 c6 12. Bd3 Nh5 13. Bc2 Nhf4 14. Nf1 f5 
15. dxe5 fxe4 16. Bxe4 Bxh3 17. Bxg6 Nxg6 18. Be3 Bg4 19. N1h2 Bxf3 
20. Nxf3 Bxe3 21. Rxe3 Nxe5 22. Nxe5 dxe5 23. Rxe5 Qxd1+ 24. Rxd1 Rfd8 
25. Rde1 Rd7 26. Re7 Rad8 27. Kh2 h6 28. Kg3 Kf8 29. R7e4 Rd2 30. Rf4+ Kg8 
31. Re7 R8d7 32. Rxd7 Rxd7 33. b4 Rd2 34. f3 Rc2 35. Rc4 Kf7 36. Kh3 Kf6 
37. g4 Rd2 38. a5 Ke6 39. Re4+ Kf6 40. Re8 Rd3 41. Kg3 Rxc3 42. Rf8+ Ke5 
43. Rf7 Rb3 44. Rxb7 c5 45. Rxg7 cxb4 46. Rg6 Ra3 47. Rxa6 Kd4 48. Rxh6 b3 
49. Rd6+ Kc3 50. Rc6+ Kb4 51. Rb6+ Kc3 52. Rc6+ Kd2 53. Rd6+ Kc3 54. Rc6+ 
1/2-1/2

[Event "Saturday Apr 14 Engine Tour 9 Rd Swiss 12m+1s Starts at 1600hrs ST"]
[Site "Infinity Chess"]
[Date "2018.4.14"]
[Round "3"]
[White "THE_MACHINE"]
[Black "ocirema"]
[Result "1-0 "]
[ECO "C55"]
[WhiteElo "2553"]
[BlackElo "2440"]
[WhiteEngine "BrainFish_180411_x64_bmi2"]
[BlackEngine "asmFishW_2018-04-08_popcnt_CTG"]
[EventType "Swiss"]
[WhiteTeam ""]
[BlackTeam ""]
[PlyCount "206"]
[TimeControl "720+1"]

1. e4 e5 2. Nf3 Nc6 3. Bc4 Nf6 4. d3 Bc5 5. O-O d6 6. c3 a5 7. Nbd2 O-O 
8. Re1 Ba7 9. Nf1 Be6 10. Bxe6 fxe6 11. Ng3 a4 12. Be3 Bxe3 13. Rxe3 d5 
14. d4 exd4 15. cxd4 Qe8 16. Rc1 dxe4 17. Nxe4 Nd5 18. Rd3 Qg6 19. Ng3 Qf6 
20. a3 Qg6 21. Kh1 Nf4 22. Rd2 Qg4 23. Kg1 Ra5 24. Rc3 Qg6 25. h3 Qh6 
26. Ne2 Nd5 27. Rcd3 Qf6 28. Qe1 Raa8 29. Qd1 Ra5 30. Qf1 Qf7 31. Qe1 Raa8 
32. Qd1 Ra5 33. Ng3 Nf4 34. Re3 Nd5 35. Re4 Nf4 36. Kh2 Rd5 37. b3 axb3 
38. Qxb3 Rd6 39. Rc2 Nd8 40. Rc5 Nd5 41. a4 Ra6 42. Ng5 Qxf2 43. Nxe6 Nxe6 
44. Rxd5 Kh8 45. Re2 Qf4 46. Re4 Qf2 47. Re2 Qf4 48. Qb4 h6 49. Re1 Rb6 
50. Qa3 Qd2 51. Re2 Qf4 52. Re4 Qd2 53. Re2 Qf4 54. a5 Ra6 55. Rd7 Rg8 
56. Qa2 Ng5 57. Rf2 Qe3 58. Nf5 Qe8 59. Re7 Qd8 60. Qe2 Rxa5 61. Qe3 Ra6 
62. Qe5 Rf6 63. Rf4 Rgf8 64. Rg4 c6 65. Nxg7 Qd5 66. Rxb7 Rf2 67. Qxd5 cxd5 
68. Nh5 R2f5 69. Rh4 Rf2 70. Rg4 R2f5 71. Ng3 Rf2 72. Kg1 R2f4 73. Rxf4 Rxf4 
74. Ne2 Re4 75. Kf2 Ne6 76. Re7 Kg8 77. Nc3 Kf8 78. Nxd5 h5 79. Nc3 Rf4+ 
80. Ke3 Rf6 81. Nd5 Rh6 82. Ke4 Ng7 83. Re5 h4 84. Nf4 Ra6 85. Rg5 Kf7 
86. d5 Ne8 87. Ke5 Ra1 88. Rg6 Ra3 89. Rh6 Re3+ 90. Kd4 Re1 91. Rxh4 Rd1+ 
92. Nd3 Nd6 93. Rh5 Nb5+ 94. Kc5 Nc3 95. Rf5+ Kg6 96. Rf3 Ne4+ 97. Kc6 Ra1 
98. Ne5+ Kh5 99. Rf5+ Kh6 100. d6 Ra6+ 101. Kd5 Nxd6 102. Rf6+ Kg5 103. Rxd6 Ra3 
1-0

[Event "Saturday Apr 14 Engine Tour 9 Rd Swiss 12m+1s Starts at 1600hrs ST"]
[Site "Infinity Chess"]
[Date "2018.4.14"]
[Round "3"]
[White "RonWeasley"]
[Black "OlivierEvan"]
[Result "1-0"]
[ECO "E35"]
[WhiteElo "2482"]
[BlackElo "2413"]
[WhiteEngine "BrainFish 090218_CTG"]
[BlackEngine "Houdini 6"]
[EventType "Swiss"]
[WhiteTeam ""]
[BlackTeam ""]
[PlyCount "221"]
[TimeControl "720+1"]

1. d4 Nf6 2. c4 e6 3. Nc3 Bb4 4. Qc2 d5 5. cxd5 exd5 6. Bf4 Bxc3+ 7. bxc3 c5 
8. Nf3 O-O 9. e3 c4 10. Be2 Nc6 11. O-O Ne7 12. Qb2 Ne4 13. Ng5 Nf6 14. a4 Re8 
15. Nf3 Ne4 16. Nd2 Nxd2 17. Qxd2 Bf5 18. Qb2 Qd7 19. a5 h6 20. Ra2 Nc6 
21. Rfa1 Rad8 22. Bg3 Re6 23. Qa3 Bd3 24. Bd1 f5 25. Ba4 Qf7 26. Qc5 g5 
27. Bxc6 Rxc6 28. Qxa7 f4 29. exf4 Ra6 30. Qc5 gxf4 31. Bh4 Rda8 32. f3 b6 
33. Qb4 Kh7 34. h3 Bf5 35. Re1 Be6 36. Rae2 bxa5 37. Qb1+ Kg8 38. Rb2 a4 
39. Rb7 Qf5 40. Rb8+ Rxb8 41. Qxb8+ Qf8 42. Qb5 Qa8 43. Be7 Bf7 44. Ba3 Rg6 
45. Re2 Kg7 46. Qd7 Qc6 47. Qf5 Qf6 48. Qc8 Kh7 49. Qc7 Qf5 50. Bd6 Rg7 
51. Bxf4 Qxh3 52. Rf2 Qf5 53. Be5 Rg8 54. Qa7 Qb1+ 55. Kh2 Qf5 56. Kg1 Qb1+ 
57. Kh2 Qf5 58. Qxa4 Re8 59. Qa7 Kg8 60. Qb7 Qg5 61. Qd7 Re7 62. Qd6 Re8 
63. Rf1 Re6 64. Qb8+ Re8 65. Qb2 Qf5 66. Ra1 Qg5 67. Kg1 Qe3+ 68. Kh2 Qg5 
69. Qb7 Qe7 70. Qb1 Qg5 71. f4 Qg4 72. Kg1 Be6 73. Qb6 Rf8 74. Qd6 Re8 
75. f5 Qxf5 76. Rf1 Qg5 77. Rf3 Kh7 78. Qc6 Qe7 79. Rf6 Rb8 80. g3 Rb1+ 
81. Kg2 Qd7 82. Qxd7+ Bxd7 83. Rf7+ Kg6 84. Rxd7 Kf5 85. Rxd5 Rb3 86. Bf4+ Kg4 
87. Rc5 Rb2+ 88. Kg1 Kf3 89. Be5 Rb1+ 90. Kh2 Rb2+ 91. Kh3 Ke4 92. Rxc4 h5 
93. Rc8 Ke3 94. c4 Rb1 95. c5 Kf2 96. Rf8+ Ke3 97. c6 Rh1+ 98. Kg2 Re1 
99. c7 Re2+ 100. Kh3 Rc2 101. c8=Q Rxc8 102. Rxc8 Ke4 103. g4 hxg4+ 
104. Kxg4 Ke3 105. d5 Ke4 106. d6 Kxe5 107. d7 Kd5 108. d8=Q+ Ke6 109. Rc6+ Kf7 
110. Qd7+ Kg8 111. Rc8# 1-0

[Event "Saturday Apr 14 Engine Tour 9 Rd Swiss 12m+1s Starts at 1600hrs ST"]
[Site "Infinity Chess"]
[Date "2018.4.14"]
[Round "2"]
[White "Seliga"]
[Black "ivrdurant"]
[Result "1-0"]
[ECO "A13"]
[WhiteElo "2456"]
[BlackElo "2373"]
[WhiteEngine "SF9 ''A5x''_CTG"]
[BlackEngine "Raubfisch ME262_GTZ16d4"]
[EventType "Swiss"]
[WhiteTeam ""]
[BlackTeam ""]
[PlyCount "283"]
[TimeControl "720+1"]

1. c4 e6 2. Nf3 d5 3. d4 Nf6 4. Nc3 c6 5. e3 Nbd7 6. Be2 Bd6 7. O-O O-O 
8. Qc2 b6 9. b3 Bb7 10. Bb2 Qe7 11. e4 Nxe4 12. Nxe4 dxe4 13. Qxe4 f5 14. Qc2 c5 
15. d5 Nf6 16. Rad1 Ne4 17. Rfe1 Qf7 18. g3 Rae8 19. Bf1 exd5 20. cxd5 Bc8 
21. Bb5 Re7 22. Nh4 a6 23. Bc6 f4 24. Rxe4 fxg3 25. f3 Rxe4 26. Qxe4 Qh5 
27. hxg3 Qg5 28. f4 Rxf4 29. Qe1 Bh3 30. Ng2 Rf3 31. Qe8+ Rf8 32. Qe3 Qg6 
33. Kh2 Qh5 34. Re1 Bd7+ 35. Kg1 Rf3 36. Bxd7 Rxe3 37. Rxe3 Qd1+ 38. Kh2 b5 
39. Re8+ Kf7 40. Re1 Qd2 41. Be6+ Kf8 42. Bc1 Qxa2 43. Bg4 Qc2 44. Bg5 Qc3 
45. Re3 Qd4 46. Bf3 c4 47. bxc4 bxc4 48. Nf4 Qb2+ 49. Re2 Qb3 50. Bh5 g6 
51. Bh6+ Kf7 52. Bg4 Qa3 53. Kg2 Qc1 54. Be6+ Ke8 55. Bg4+ Kf7 56. Be6+ Ke8 
57. Bc8+ Kf7 58. Rf2 Ke8 59. Bb7 Qa3 60. Bc6+ Kd8 61. Bg7 c3 62. Rc2 Qb4 
63. Kf3 Qb1 64. Rxc3 Qh1+ 65. Ke3 Qg1+ 66. Ke4 Qb1+ 67. Nd3 Qh1+ 68. Kd4 Qa1 
69. Be5 Qg1+ 70. Kc4 Bxe5 71. Nxe5 Kc7 72. Rb3 Qc1+ 73. Kd4 Qg1+ 74. Re3 Qa1+ 
75. Ke4 Qc1 76. Nf3 h5 77. Rd3 Kd6 78. Nd2 Qe1+ 79. Kd4 Qe5+ 80. Kc4 Qe1 
81. Rd4 Qe3 82. Rd3 Qe2 83. Kc3 g5 84. Nc4+ Kc5 85. Bd7 Qa2 86. Nb2 Kd6 
87. Ba4 Qb1 88. Rd1 Qg6 89. Nc4+ Kc5 90. Bb3 Qf6+ 91. Kc2 Kb4 92. Rd3 h4 
93. gxh4 gxh4 94. Nd2 h3 95. Rxh3 a5 96. Rg3 Qf4 97. Rc3 Kb5 98. Rd3 Qd6 
99. Bc4+ Kb6 100. Re3 Kb7 101. Re6 Qh2 102. Ra6 Qc7 103. Rc6 Qh2 104. Bd3 Qe5 
105. Re6 Qa1 106. Nb3 Qa2+ 107. Kc3 Qa3 108. Ra6 Qb4+ 109. Kc2 Kc8 
110. Nxa5 Qc5+ 111. Nc4 Qf2+ 112. Kb3 Qg3 113. Nd6+ Kc7 114. Kc4 Qf4+ 
115. Ne4 Qc1+ 116. Nc3 Qe3 117. d6+ Kb7 118. Ra5 Qf4+ 119. Ne4 Qg4 120. Kb5 Qd7+ 
121. Kb4 Kb8 122. Ra6 Qb7+ 123. Kc5 Qd7 124. Nc3 Qc8+ 125. Rc6 Qh3 126. Rb6+ Kc8 
127. Ba6+ Kd7 128. Bb5+ Ke6 129. d7+ Kf5 130. d8=Q Qxc3+ 131. Bc4 Qe3+ 
132. Kc6 Qe4+ 133. Bd5 Qe3 134. Kb7 Qxb6+ 135. Qxb6 Ke5 136. Qe6+ Kd4 
137. Bc4 Kc3 138. Qe3+ Kxc4 139. Kc6 Kb4 140. Qd3 Ka4 141. Kc5 Ka5 142. Qa3# 1-0

[Event "Saturday Apr 14 Engine Tour 9 Rd Swiss 12m+1s Starts at 1600hrs ST"]
[Site "Infinity Chess"]
[Date "2018.4.14"]
[Round "2"]
[White "Thinker"]
[Black "localhero"]
[Result "1/2-1/2"]
[ECO "C55"]
[WhiteElo "2436"]
[BlackElo "2437"]
[WhiteEngine "BrainFish_180408_x64_modern_CTG"]
[BlackEngine "asmFishW_2017-10-04_popcnt"]
[EventType "Swiss"]
[WhiteTeam ""]
[BlackTeam ""]
[PlyCount "111"]
[TimeControl "720+1"]

1. e4 e5 2. Nf3 Nc6 3. Bc4 Nf6 4. d3 Bc5 5. c3 d6 6. O-O a5 7. Re1 O-O 8. h3 h6 
9. Nbd2 Be6 10. a4 Bb6 11. b3 d5 12. Bb5 Ne7 13. exd5 Nfxd5 14. Qc2 c6 
15. Bc4 Ng6 16. d4 Ndf4 17. dxe5 Nh4 18. Bf1 Bd5 19. Re4 Nfg6 20. Bc4 Re8 
21. g3 Nxf3+ 22. Nxf3 Qd7 23. Bxd5 cxd5 24. Rg4 Qc6 25. Nd4 Bxd4 26. Rxd4 Nxe5 
27. Kg2 Rac8 28. Bf4 Nd7 29. Be3 Nc5 30. Kh2 Ne6 31. Rd3 d4 32. Bxd4 Nxd4 
33. Rxd4 Qxc3 34. Qxc3 Rxc3 35. Rb1 Re5 36. b4 Rc2 37. Kg2 axb4 38. Rbxb4 Rf5 
39. Rf4 Rxf4 40. Rxf4 Rb2 41. Kf3 Rb3+ 42. Kg4 g6 43. Rc4 Rb2 44. f4 Kg7 
45. f5 Rb3 46. fxg6 fxg6 47. Kf4 Kf6 48. h4 g5+ 49. hxg5+ hxg5+ 50. Kg4 Ke6 
51. Rd4 Kf7 52. a5 b6 53. axb6 Rxb6 54. Rd5 Kg6 55. Rxg5+ Kh7 56. Rh5+ 1/2-1/2

[Event "Saturday Apr 14 Engine Tour 9 Rd Swiss 12m+1s Starts at 1600hrs ST"]
[Site "Infinity Chess"]
[Date "2018.4.14"]
[Round "2"]
[White "Time_bandit"]
[Black "Marsell"]
[Result "1/2-1/2"]
[ECO "C77"]
[WhiteElo "2456"]
[BlackElo "2460"]
[WhiteEngine "asmFishW_2018-02-02_popcnt"]
[BlackEngine "BrainFish_180408_x64_bmi2"]
[EventType "Swiss"]
[WhiteTeam ""]
[BlackTeam ""]
[PlyCount "99"]
[TimeControl "720+1"]

1. e4 e5 2. Nf3 Nc6 3. Bb5 a6 4. Ba4 Nf6 5. O-O Be7 6. Re1 b5 7. Bb3 O-O 
8. c3 d5 9. exd5 Nxd5 10. Nxe5 Nxe5 11. Rxe5 c6 12. d4 Bd6 13. Re1 Qh4 
14. g3 Qh3 15. Be3 Bg4 16. Qd3 Rae8 17. Nd2 Re6 18. a4 Qh5 19. axb5 axb5 
20. Nf1 Bf5 21. Qd2 Bh3 22. Bd1 Qg6 23. Bf3 Qf5 24. Qd1 h5 25. Ra6 Bc7 
26. Bh1 Rf6 27. Qe2 h4 28. Bd2 Re6 29. Be4 Bxf1 30. Bxf5 Rxe2 31. Rd1 Rxd2 
32. Rxd2 Bc4 33. Rxc6 Ne7 34. Rxc7 Nxf5 35. Rc5 Nd6 36. f3 hxg3 37. hxg3 Ra8 
38. Kf2 Kf8 39. Re5 f6 40. Rc5 Ra1 41. g4 g5 42. Kg3 Rg1+ 43. Kh3 Ke7 
44. Rc7+ Kd8 45. Rc5 Kd7 46. Kh2 Rb1 47. Kg3 Rg1+ 48. Kh2 Rf1 49. Kg3 Rg1+ 
50. Kh2 1/2-1/2